 Dungeon Crawl Stone Soup version 0.26-a0-1139-g7d2dc893a1 (webtiles) character file.

Game seed: 10882436003759948465

93736 sanka the Imperceptible (level 15, -11/80 HPs)
             Began as a Spriggan Enchanter on Dec 17, 2020.
             Mangled by an enormous slime creature (78 damage)
             ... on level 14 of the Dungeon on Dec 21, 2020.
             The game lasted 01:17:55 (30642 turns).

sanka the Imperceptible (Spriggan Enchanter)       Turns: 30642, Time: 01:17:56

Health: -11/80     AC: 10    Str:  4    XL:     15   Next: 61%
Magic:  1/25       EV: 37    Int: 17    God:
Gold:   2065       SH:  8    Dex: 23    Spells: 14/26 levels left

rFire    . . .     SeeInvis +   b - +2 rapier (elec)
rCold    . . .     Faith    .   O - +0 buckler
rNeg     . . .     Spirit   .   T - +5 steam dragon scales
rPois    .         Reflect  .   m - +0 hat {Will+}
rElec    .         Harm     .   v - scarf {+Inv}
rCorr    .         Rampage  .   (gloves unavailable)
Will     +++..                  (boots unavailable)
Stlth    +++++++++.             i - amulet of the acrobat
HPRegen  0.23/turn              E - +4 ring of evasion
MPRegen  0.19/turn              t - +4 ring of slaying

@: studying Evocations, very quick
A: very small, unfitting armour, see invisible, speed 3
a: Evoke Invisibility


You were on level 14 of the Dungeon.
You visited 3 branches of the dungeon, and saw 21 of its levels.
You also visited: Trove and Volcano.

You collected 2065 gold pieces.


Innate Abilities, Weirdness & Mutations

You are very small and have problems with some larger weapons.
You are too small for most types of armour.
You have supernaturally acute eyesight. (SInv)
You cover ground extremely quickly.


   Skills:
 - Level 10.0 Fighting
 - Level 10.0 Short Blades
 - Level 15.0 Dodging
 + Level 23.8 Stealth
 + Level 4.1 Shields
 - Level 6.0 Spellcasting
 - Level 10.0 Hexes
 - Level 15.0 Evocations


You had 14 spell levels left.
You knew the following spells:

 Your Spells              Type           Power        Failure   Level
x - Tukima's Dance        Hex            39%          1%          3
y - Dazzling Flash        Conj/Hex       44%          6%          3
z - Ensorcelled Hibernat  Hex/Ice        44%          3%          2
X - Confusing Touch       Hex            39%          1%          3
Z - Corona                Hex            43%          1%          1

Your spell library contained the following spells:

 Spells                   Type           Power        Failure   Level
 Summon Guardian Golem    Hex/Summ       22%          6%          3
 Animate Skeleton         Necr           10%          16%         1
 Apportation              Tloc           10%          16%         1
 Shock                    Conj/Air       20%          16%         1
 Sting                    Tmut/Pois      20%          16%         1
 Summon Small Mammal      Summ           20%          16%         1
 Call Imp                 Summ           5%           24%         2
 Poisonous Vapours        Pois/Air       10%          24%         2
 Swiftness                Air            5%           24%         2
 Call Canine Familiar     Summ           5%           43%         3
 Ignite Poison            Fire/Tmut/Pois 5%           43%         3
 Mephitic Cloud           Conj/Pois/Air  5%           43%         3
 Spider Form              Tmut/Pois      2%           43%         3
 Static Discharge         Conj/Air       5%           43%         3
 Airstrike                Air            2%           83%         4
 Olgreb's Toxic Radiance  Pois           5%           83%         4
 Summon Ice Beast         Ice/Summ       5%           83%         4
 Summon Lightning Spire   Summ/Air       5%           83%         4
 Fireball                 Conj/Fire      2%           99%         5
 Lightning Bolt           Conj/Air       2%           99%         5
 Eringya's Noxious Bog    Tmut/Pois      2%           100%        6
 Starburst                Conj/Fire      2%           100%        6
 Ignition                 Fire           2%           100%        8

Inventory:

Hand Weapons
 a - a +1 dagger of speed
 b - a +2 rapier of electrocution (weapon)
Missiles
 M - 5 throwing nets {=f}
Armour
 m - a +0 hat of willpower (worn)
 v - a scarf of invisibility (worn)
 O - a +0 buckler (worn)
 T - +5 steam dragon scales (worn)
Jewellery
 f - a +4 ring of evasion
 i - an amulet of the acrobat (around neck)
 t - a +4 ring of slaying (right hand)
 w - an uncursed ring of ice
 D - an uncursed ring of poison resistance
 E - a +4 ring of evasion (left hand)
Wands
 c - a wand of flame (29)
 n - a wand of disintegration (30)
 p - a wand of polymorph (7)
 u - a wand of enslavement (8)
 K - a wand of iceblast (39)
 P - a wand of acid (14)
 Q - a wand of paralysis (40)
Scrolls
 e - 11 scrolls of remove curse
 o - a scroll of enchant armour
 q - 4 scrolls of immolation {!r}
 x - 6 scrolls of enchant weapon
 y - 12 scrolls of teleportation {@r4}
 A - 4 scrolls of blinking
 C - a scroll of holy word
 F - 6 scrolls of magic mapping
 G - 2 scrolls of fear
 L - 2 scrolls of vulnerability {!r}
Potions
 g - a potion of resistance {unknown}
 j - 9 potions of curing {@q1}
 l - 3 potions of flight
 s - 2 potions of haste {@q3}
 z - 7 potions of lignification {!q}
 B - 2 potions of ambrosia
 H - 4 potions of invisibility
 N - a potion of might {unknown}
 U - 2 potions of heal wounds {unknown}
 V - 4 potions of cancellation
 W - 3 potions of berserk rage {!q}
 X - 4 potions of mutation {!q}
 Y - 3 potions of brilliance
Books
 I - a manual of Evocations
Miscellaneous
 d - a phial of floods
 h - a condenser vane (quivered)
 r - a box of beasts
 R - a phantom mirror
 S - a lightning rod (4/4)
 Z - a tin of tremorstones (1/2)

Dungeon Overview and Level Annotations

Branches:
Dungeon (14/15) Temple (1/1) D:7 Lair (6/6) D:11 Swamp (0/4) Lair:4 Spider (0/4) Lair:3 Slime (0/5) Lair:5 Orc (0/2) D:10 Vaults (0/5) D:12 D:13 Volcano (visited)

Altars:
Ashenzari
Cheibriados
Dithmenos
Elyvilon
Fedhas
Gozag
Hepliaklqana
Kikubaaqudgha
Makhleb
Nemelex Xobeh
Okawaru
Qazlal
Ru
Sif Muna
Trog
Uskayaw
Vehumet
Wu Jian
Xom
Yredelemnul
Zin
The Shining One
Beogh
Jiyva

Shops:
D:4 [   D:8 }=   D:9 : D:14

[( ▒▒▒.▒▒▒.▒▒▒▒▒▒.▒......▒▒▒▒
..+............▒......▒
..▒............▒......▒
▒▒▒▒.▒▒▒'▒▒....▒......▒
.▒▒▒▒▒▒..▒▒....▒......▒
..▒......▒▒..▒▒▒......▒
..▒......▒▒(.▒▒▒▒.....▒
..'.............(cPPP.▒ ▒.
..▒.............iJ.∩..▒ ▒..
▒▒▒▒▒▒▒▒▒▒▒▒▒▒▒▒▒J(P..▒▒▒▒..
..............(.(........(.▒
................(..........▒
..............(.((.........▒
...........(.J((...........▒▒▒▒▒▒
..........)c...................)▒
..........cJ....................▒
.........(cc▒▒▒+▒▒..............(


You could see an enormous slime creature, a slime creature and a centaur.


Message History

The slime creature is moderately wounded.
Two slime creatures merge to form a large slime creature.
The slime creature completely misses you.
A slime creature suddenly becomes a very large slime creature.
You're wearing all the rings you can.
Remove which one? (? for menu, Esc to cancel) < or
E - a +4 ring of evasion > or
f - a +4 ring of evasion You remove your +4 ring of evasion.
The centaur barely misses you.
t - a +4 ring of slaying (right hand)
You block the slime creature's attack. The centaur completely misses you.
You hit the slime creature.
The slime creature is moderately wounded.
A slime creature suddenly becomes an enormous slime creature.
You block the centaur's attack.
Unknown command.
You puncture the slime creature!
The slime creature is heavily wounded.
The slime creature misses you. You block the centaur's attack.
Unknown command.
You hit the slime creature.
The slime creature is severely wounded.
You block the centaur's attack. The slime creature hits you!
The enormous slime creature hits you!!!!
Ouch! That really hurt!
You die...

Action                   |  1- 3 |  4- 6 |  7- 9 | 10-12 | 13-15 || total
-------------------------+-------+-------+-------+-------+-------++-------
Melee: Dagger            |    66 |    73 |   209 |   373 |   753 ||  1474
       Rapier            |       |    14 |    18 |    46 |    11 ||    89
 Cast: Corona            |    10 |       |       |       |       ||    10
       Ensorcelled Hiber |    18 |    45 |    95 |   235 |   181 ||   574
       Confusing Touch   |       |     2 |    16 |    28 |    35 ||    81
 Abil: Evoke Invisibilit |       |       |       |     6 |    10 ||    16
Evoke: Wand              |       |       |       |       |     5 ||     5
       Lightning rod     |       |       |       |       |     4 ||     4
       Tin of tremorston |       |       |       |       |     1 ||     1
       Condenser vane    |       |       |       |       |     1 ||     1
  Use: Scroll            |       |       |       |    15 |    16 ||    31
       Potion            |       |       |       |     1 |     3 ||     4
 Stab: Sleeping          |    26 |    38 |    62 |   128 |   123 ||   377
       Distracted        |       |     1 |     3 |     3 |     4 ||    11
       Confused          |       |     1 |    22 |    32 |    49 ||   104
       Invisible         |       |       |       |    28 |    96 ||   124
       Petrified         |       |       |       |       |     5 ||     5
Armor: Robe              |     2 |     3 |     5 |     4 |       ||    14
       Steam dragon scal |       |       |       |     4 |    30 ||    34
Dodge: Dodged            |    42 |    51 |   142 |   335 |   675 ||  1245
Block: Buckler           |       |       |       |       |    66 ||    66

Levels and vault maps discovered:
D:1:      nzn_arrival_water_spiral, layout_loops_ring,
          chequers_serial_rivers_micro_b, minmay_heptomino_l4
D:2:      layout_loops_cross, uniq_jessica
D:3:      layout_rooms, chequers_ecumenical_altar_simple,
          grunt_dithmenos_smoke_and_mirrors, uniq_crazy_yiuf_cottage
D:4:      layout_basic, serial_shops, shop, biasface_ghost_orc_armoury,
          uniq_menkaure
D:5:      layout_loops_ring, uniq_duvessa
D:6:      layout_loops_ring
D:7:      layout_loops_cross, lemuel_blue_sif_altar,
          minmay_temple_entry_proselytizer
D:8:      layout_basic, gammafunk_ghost_ooze, serial_shops, shop,
          nicolae_shop_trees, minmay_pinched_square, uniq_pikel
D:9:      layout_cave_pods, serial_shops, shop, uniq_joseph
D:10:     layout_cave_pods, orc_0_dummy, nicolae_trove_entry_isolated
D:11:     layout_loops_cross, dpeg_oklobed_lair, hangedman_fish_farm
D:12:     layout_rooms, uniq_gastronok
D:13:     layout_rooms, david_vaults_3, minivault_16,
          minmay_misc_feat_nine_boxes, hangedman_abyss_or_decor_lesser_grid,
          lightli_minifort, uniq_snorg
D:14:     layout_gridville, serial_shops, nicolae_shop_behind_doors,
          nicolae_shop_overgrown_old_shop, shop, shop,
          chequers_serial_rivers_large_a, pond
Temple:   grunt_wide_crystal_templ
Lair:1:   layout_hall_layers, serial_bayou, serial_bayou_pond_a,
          serial_bayou_pond_b, serial_bayou_lagoon_a, serial_bayou_shore_b,
          nicolae_volcano_entry_batcave, minmay_lair_oklob_chamber
Lair:2:   layout_long_grid, uniq_harold
Lair:3:   layout_loops_ring, spider_nest_entry_web_field,
          hellmonk_ghost_happy_afterlife
Lair:4:   layout_gridlike, swamp_mist_pool, grunt_megastairs_1
Lair:5:   layout_roguey, minmay_slime_entry_oklob_enclosed, serial_bayou,
          serial_bayou_pond_c, serial_bayou_pond_b, serial_bayou_pond_b
Lair:6:   wormcave, layout_loops_ring, hangedman_lair_in_review,
          chequers_serial_rivers_micro_c, worms_lemuel, serial_bayou_shore_b

Notes
Turn   | Place    | Note
-------+----------+-------------------------------------------
     0 | D:1      | sanka the Spriggan Enchanter began the quest for the Orb.
     0 | D:1      | Reached XP level 1. HP: 9/9 MP: 5/5
   100 | D:1      | Reached skill level 5 in Stealth
   236 | D:1      | Reached XP level 2. HP: 13/13 MP: 4/6
   275 | D:1      | Learned a level 2 spell: Ensorcelled Hibernation
   400 | D:1      | Reached skill level 6 in Stealth
   716 | D:1      | Reached XP level 3. HP: 13/16 MP: 2/8
   772 | D:1      | Learned a level 3 spell: Confusing Touch
   920 | D:2      | Noticed Jessica
  1011 | D:2      | Reached skill level 7 in Stealth
  1382 | D:2      | Reached XP level 4. HP: 21/21 MP: 9/9
  1727 | D:2      | Killed Jessica
  1728 | D:2      | Reached skill level 8 in Stealth
  1861 | D:2      | Reached skill level 2 in Short Blades
  2065 | D:3      | Reached XP level 5. HP: 24/24 MP: 10/10
  2066 | D:3      | Found a faded altar of an unknown god.
  2173 | D:3      | Reached skill level 3 in Short Blades
  2575 | D:3      | Found a runed translucent door.
  2576 | D:3      | Noticed Crazy Yiuf
  2583 | D:3      | Killed Crazy Yiuf
  2584 | D:3      | Reached skill level 4 in Short Blades
  2667 | D:3      | Found a shadowy altar of Dithmenos.
  2805 | D:4      | Noticed Menkaure
  3041 | D:4      | Noticed an orc warrior
  3301 | D:4      | Reached XP level 6. HP: 28/28 MP: 2/11
  3855 | D:4      | Killed an orc warrior
  3856 | D:4      | Reached skill level 5 in Short Blades
  3856 | D:4      | Reached skill level 3 in Spellcasting
  3856 | D:4      | Reached skill level 4 in Hexes
  4045 | D:4      | Killed Menkaure
  4046 | D:4      | Reached skill level 5 in Hexes
  4220 | D:4      | Reached XP level 7. HP: 27/32 MP: 2/12
  4323 | D:4      | Found a runed translucent gate.
  4323 | D:4      | Found a runed translucent gate.
  4326 | D:4      | Found a runed translucent gate.
  4326 | D:4      | Noticed MewIchigo's ghost (amateur HuCj)
  4329 | D:4      | Found a roughly hewn altar of Beogh.
  4470 | D:4      | Found Nisaamao's Armour Shoppe.
  4508 | D:4      | Reached skill level 6 in Hexes
  5145 | D:4      | Reached skill level 7 in Hexes
  5930 | D:4      | Killed MewIchigo's ghost
  5931 | D:4      | Reached skill level 8 in Hexes
  5931 | D:4      | Reached skill level 1 in Fighting
  6040 | D:5      | Entered Level 5 of the Dungeon
  6050 | D:5      | Reached skill level 4 in Dodging
  6273 | D:5      | Reached XP level 8. HP: 37/37 MP: 6/13
  6340 | D:5      | Reached skill level 2 in Fighting
  6340 | D:5      | Reached skill level 5 in Dodging
  6628 | D:7      | Found a staircase to the Ecumenical Temple.
  6634 | D:7      | Reached skill level 6 in Dodging
  6639 | D:7      | Reached skill level 3 in Fighting
  6682 | Temple   | Entered the Ecumenical Temple
  6797 | D:6      | Reached skill level 7 in Dodging
  7279 | D:5      | Reached skill level 8 in Dodging
  7576 | D:5      | Noticed Duvessa
  7577 | D:5      | Noticed Dowan
  7580 | D:5      | Killed Duvessa
  7581 | D:5      | Reached skill level 9 in Stealth
  7583 | D:5      | Killed Dowan
  7639 | D:5      | Reached skill level 10 in Stealth
  7874 | D:6      | Reached XP level 9. HP: 44/44 MP: 14/14
  7878 | D:6      | Reached skill level 11 in Stealth
  7903 | D:6      | Reached skill level 12 in Stealth
  8604 | D:7      | Reached skill level 6 in Short Blades
  8967 | D:7      | Reached skill level 7 in Short Blades
  9249 | D:7      | Found a shimmering blue altar of Sif Muna.
  9302 | D:8      | Found a runed translucent gate.
  9371 | D:8      | Reached skill level 8 in Short Blades
  9501 | D:8      | Found a runed translucent gate.
  9501 | D:8      | Found a runed translucent gate.
  9503 | D:8      | Found a viscous altar of Jiyva.
  9503 | D:8      | Noticed kae's ghost (novice MiFi)
  9542 | D:8      | Killed kae's ghost
  9568 | D:8      | Reached XP level 10. HP: 24/49 MP: 3/16
  9830 | D:11     | Noticed a boulder beetle
  9842 | D:11     | Killed a boulder beetle
  9843 | D:11     | Reached skill level 4 in Spellcasting
 10146 | D:11     | Found a staircase to the Lair.
 10170 | D:11     | Reached skill level 9 in Dodging
 10172 | D:11     | Noticed a red ugly thing
 10191 | D:11     | Killed a red ugly thing
 10215 | D:11     | Noticed a two-headed ogre
 10424 | D:11     | Reached skill level 4 in Fighting
 10424 | D:11     | Reached skill level 5 in Spellcasting
 10426 | D:11     | Reached skill level 9 in Hexes
 10430 | D:11     | Reached skill level 13 in Stealth
 10476 | D:11     | Reached skill level 9 in Short Blades
 10575 | D:11     | Reached XP level 11. HP: 30/54 MP: 14/20
 10688 | D:11     | Reached skill level 10 in Dodging
 10759 | D:11     | Reached skill level 6 in Spellcasting
 11075 | D:11     | Killed a two-headed ogre
 11517 | D:10     | Entered Level 10 of the Dungeon
 12228 | D:10     | Reached skill level 5 in Fighting
 12351 | D:10     | Found a staircase to the Orcish Mines.
 12463 | D:10     | Found a portal to a secret trove of treasure.
 12489 | D:10     | Learned a level 3 spell: Tukima's Dance
 12493 | D:10     | Learned a level 3 spell: Dazzling Flash
 12785 | D:9      | Noticed Joseph
 13029 | D:9      | Killed Joseph
 13198 | D:9      | Found Hafroc's Book Emporium.
 13590 | D:9      | Reached skill level 14 in Stealth
 13590 | D:9      | Reached skill level 10 in Hexes
 14108 | D:8      | Found Hischoch's Jewellery Shop.
 14152 | D:8      | Noticed Pikel
 14284 | D:8      | Killed Pikel
 14696 | D:8      | Noticed a purple ugly thing
 14716 | D:8      | Killed a purple ugly thing
 14717 | D:8      | Reached skill level 11 in Dodging
 14722 | D:8      | Reached skill level 10 in Short Blades
 14809 | D:8      | Noticed a four-headed hydra
 14828 | D:8      | Killed a four-headed hydra
 14908 | D:8      | Found Savips's Gadget Shoppe.
 15591 | D:8      | Reached skill level 6 in Fighting
 15640 | D:8      | Identified Urracadwe's Grimoire of Poisoning
 15755 | Lair:1   | Entered Level 1 of the Lair of Beasts
 15775 | Lair:1   | Reached skill level 15 in Stealth
 16033 | Lair:1   | Reached skill level 12 in Dodging
 16038 | Lair:1   | Noticed a four-headed hydra
 16191 | Lair:1   | Reached XP level 12. HP: 61/61 MP: 17/22
 16201 | Lair:1   | Found a dark tunnel.
 16248 | Volcano  | Entered a volcano
 16364 | Volcano  | Reached skill level 13 in Dodging
 16684 | Volcano  | Found a radiant altar of Vehumet.
 16684 | Volcano  | Noticed a hell hog
 16689 | Volcano  | Killed a hell hog
 16690 | Volcano  | Identified +0 steam dragon scales
 16865 | Volcano  | Reached skill level 14 in Dodging
 17348 | Lair:1   | Reached skill level 15 in Dodging
 17521 | Lair:1   | Reached skill level 16 in Stealth
 18019 | Lair:1   | Killed a four-headed hydra
 18686 | Lair:2   | Reached skill level 17 in Stealth
 19103 | Lair:2   | Reached skill level 18 in Stealth
 19189 | Lair:2   | Noticed a seven-headed hydra
 19434 | Lair:2   | Noticed Harold
 19440 | Lair:2   | Killed Harold
 19589 | Lair:2   | Reached XP level 13. HP: 53/65 MP: 13/23
 20489 | Lair:3   | Reached skill level 19 in Stealth
 20629 | Lair:3   | Found a hole to the Spider Nest.
 20652 | Lair:3   | Found a runed translucent door.
 20812 | Trove    | Entered a treasure trove
 20891 | D:10     | Upgraded the game from 0.26-a0-1126-g3318b609a0 to
                  | 0.26-a0-1129-gc5df7fbe6a
 21014 | Lair:3   | Noticed Moacass's ghost (journeyman MiAK)
 21030 | Lair:3   | Killed Moacass's ghost
 21031 | Lair:3   | Reached skill level 4 in Evocations
 21382 | Lair:3   | Reached skill level 5 in Evocations
 21571 | Lair:4   | Found a staircase to the Swamp.
 21689 | Lair:3   | Reached skill level 6 in Evocations
 21694 | Lair:3   | Reached skill level 7 in Evocations
 21893 | Lair:4   | Reached skill level 8 in Evocations
 21916 | Lair:4   | Reached skill level 9 in Evocations
 22242 | Lair:4   | Reached skill level 10 in Evocations
 22263 | Lair:4   | Reached skill level 11 in Evocations
 22674 | Lair:5   | Reached skill level 12 in Evocations
 22685 | Lair:5   | Reached skill level 13 in Evocations
 22703 | Lair:5   | Reached skill level 14 in Evocations
 22710 | Lair:5   | Identified +0 steam dragon scales
 22726 | Lair:5   | Reached skill level 15 in Evocations
 22845 | Lair:5   | Reached skill level 7 in Fighting
 22994 | Lair:5   | Reached XP level 14. HP: 66/72 MP: 15/24
 23380 | Lair:5   | Got a jewelled flail
 23381 | Lair:5   | Identified the +8 flail "Hydraslayer" {drain, Will+ Str+6
                  | Int-2} (You found it on level 5 of the Lair of Beasts)
 23504 | Lair:5   | Found a staircase to the Slime Pits.
 24011 | Lair:6   | Entered Level 6 of the Lair of Beasts
 24080 | Lair:6   | Reached skill level 20 in Stealth
 24384 | Lair:6   | Reached skill level 8 in Fighting
 25037 | Lair:6   | Reached skill level 21 in Stealth
 25090 | Lair:6   | Reached skill level 9 in Fighting
 25799 | Lair:6   | HP: 7/74 [poisoned by a black mamba]
 25803 | Lair:6   | HP: 3/74 [poisoned by a black mamba]
 26549 | Lair:6   | Found a runed translucent door.
 26755 | Lair:6   | Upgraded the game from 0.26-a0-1129-gc5df7fbe6a to
                  | 0.26-a0-1139-g7d2dc893a1
 26907 | Lair:6   | Reached skill level 22 in Stealth
 27063 | Lair:6   | Reached skill level 10 in Fighting
 27436 | D:12     | Reached XP level 15. HP: 80/80 MP: 25/25
 27445 | D:12     | Noticed Gastronok
 27612 | D:12     | Killed Gastronok
 28573 | D:13     | Found a gate to the Vaults.
 28573 | D:13     | Noticed Nessos
 28603 | D:13     | Reached skill level 1 in Shields
 28606 | D:13     | Killed Nessos
 28607 | D:13     | Reached skill level 23 in Stealth
 29032 | D:13     | Reached skill level 2 in Shields
 29649 | D:13     | Reached skill level 3 in Shields
 29715 | D:13     | Noticed Snorg
 29744 | D:13     | Killed Snorg
 30361 | D:14     | Found Zeyguix's Antique Weapon Shoppe.
 30440 | D:14     | Found Wule's Antique Armour Boutique.
 30566 | D:14     | Reached skill level 4 in Shields
 30642 | D:14     | Mangled by an enormous slime creature

Vanquished Creatures
  Gastronok (D:12)
  Nessos (D:13)
  The ghost of Moacass the Basher, a journeyman MiAK of Lugonu (Lair:3)
  A dire elephant (Lair:6)
  Snorg (D:13)
  A fire dragon (Lair:6)
  Harold (Lair:2)
  5 centaur warriors
  3 boulder beetles
  11 hydras
  2 catoblepae
  An anaconda (Lair:6)
  The ghost of kae the Cleaver, a novice MiFi of Qazlal (D:8)
  7 two-headed ogres
  13 death yaks
  A hell hog (Volcano)
  A fire crab (Volcano)
  Pikel (D:8)
  2 orc knights (D:13)
  An orange crystal statue (D:13)
  3 lindwurms (Lair:6)
  2 ugly things
  3 cyclopes
  7 oklob plants
  A moth of wrath (Lair:6)
  2 elephants (Lair:6)
  8 black mambas
  Joseph (D:9)
  2 molten gargoyles (Volcano)
  6 torpor snails (Lair:6)
  24 cane toads
  5 rime drakes
  7 komodo dragons
  3 polar bears
  A harpy zombie (D:13)
  A troll (D:12)
  A merfolk (D:11)
  A hornet (shapeshifter) (D:13)
  7 slime creatures
  4 tyrant leeches (Lair:6)
  9 hornets
  8 dream sheep
  15 blink frogs
  A wraith (D:13)
  A shadow (D:14)
  7 wyverns
  5 fire bats
  55 yaks
  15 humans
  2 vampire mosquitoes (D:12)
  3 steam dragons
  5 basilisks
  The ghost of MewIchigo the Conjurer, an amateur HuCj (D:4)
  Menkaure (D:4)
  Duvessa (D:5)
  17 water moccasins
  2 hell hounds (Volcano)
  3 swamp worms (Lair:6)
  7 orc warriors
  5 sky beasts
  3 ice beasts
  2 phantoms
  3 ogres
  3 black bears
  2 necrophages
  8 wolves
  12 centaurs
  3 lemures
  4 big kobolds
  17 bullfrogs
  A wyvern zombie (D:6)
  Dowan (D:5)
  A wyvern skeleton (D:10)
  6 killer bees (D:9)
  4 electric eels
  7 wights
  7 howler monkeys
  A lava snake (Volcano)
  3 bullfrog zombies
  3 centaur zombies
  6 hounds
  9 jellies
  2 quasits
  Crazy Yiuf (D:3)
  7 orc priests
  6 bullfrog skeletons
  9 orc wizards
  2 centaur skeletons
  Jessica (D:2)
  7 iguanas
  4 hell rats (Lair:1)
  10 worker ants
  3 worker ant zombies
  19 adders
  A howler monkey zombie (D:8)
  3 white imps
  An ufetubus (D:7)
  3 oozes
  An adder skeleton (D:7)
  4 worms
  2 dart slugs
  2 leopard geckos
  31 orcs
  2 ball pythons
  8 bats
  10 giant cockroaches
  6 goblins
  3 hobgoblins
  11 jackals
  2 quokkas
  5 frilled lizards
  A giant cockroach zombie (D:5)
  A jackal skeleton (D:7)
  23 kobolds
  A leopard gecko skeleton (D:7)
  A leopard gecko zombie (D:6)
  A quokka zombie (D:9)
  6 rats
614 creatures vanquished.

Vanquished Creatures (others)
  37 fungi
  64 plants
101 creatures vanquished.

Grand Total: 715 creatures vanquished
